 Dungeon Crawl Stone Soup version 0.29.1-12-g30fa7ad0bf (webtiles) character file.

Game seed: 17211110616673316066

896 mampy3000 the Cleaver (level 7, -8/61 HPs)
             Began as a Minotaur Berserker on Jan 12, 2023.
             Was a Believer of Trog.
             Mangled by an ice beast (19 damage)
             ... on level 5 of the Dungeon.
             The game lasted 00:11:53 (3995 turns).

mampy3000 the Cleaver (Minotaur Berserker)          Turns: 3995, Time: 00:11:54

Health: -8/61      AC: 11    Str: 21    XL:     7   Next: 79%
Magic:  6/6        EV:  9    Int:  4    God:    Trog [**....]
Gold:   288        SH:  5    Dex: 12    Spells: 6/6 levels left

rFire   + . .      SeeInvis .   r - +6 hand axe
rCold   x . .      Faith    .   (no shield)
rNeg    . . .      Spirit   .   e - +0 chain mail
rPois   .          Reflect  +   (helmet restricted)
rElec   .          Harm     .   j - scarf {repulsion}
rCorr   .          Rampage  .   (no gloves)
Will    ++...                   o - +0 pair of boots
Stlth   ..........              p - amulet of reflection
HPRegen 1.20/turn               g - ring of fire
MPRegen 0.10/turn               (no ring)

@: strong-willed, regenerating, repel missiles
A: horns 2, retaliatory headbutt
a: Renounce Religion, Berserk, Trog's Hand


You were on level 5 of the Dungeon.
You worshipped Trog.
Trog was pleased with you.
You visited 1 branch of the dungeon, and saw 5 of its levels.

You collected 288 gold pieces.

Inventory:

Hand Weapons
 a - a +0 hand axe
 r - a +6 hand axe (weapon)
Missiles
 c - 4 silver javelins (quivered)
 s - a throwing net
Armour
 d - a +0 cloak
 e - a +0 chain mail (worn)
 j - a scarf of repulsion (worn)
 o - a +0 pair of boots (worn)
Jewellery
 g - a ring of fire (left hand)
 p - an amulet of reflection (around neck)
Scrolls
 f - a scroll of magic mapping
 l - a scroll of fear
 n - a scroll of poison
Potions
 b - 2 potions of curing
 h - 2 potions of brilliance {unknown}
 i - 3 potions of magic {unknown}
 k - a potion of heal wounds {unknown}
 m - a potion of degeneration {unknown}
 q - 2 potions of lignification {unknown}
 u - 2 potions of haste {unknown}


   Skills:
 + Level 5.3 Fighting
 + Level 8.5 Axes
 + Level 5.6 Armour
 + Level 3.1 Dodging
 + Level 0.7 Stealth
 + Level 1.4 Shields


You had 6 spell levels left.
You didn't know any spells.
Your spell library was empty.

Dungeon Overview and Level Annotations

Branches:
Dungeon (5/15)
 Temple: D:4-7

Altars:
Ashenzari
Fedhas
Makhleb
Ru
Uskayaw

Shops:
D:5 [


Innate Abilities, Weirdness & Mutations

You have a pair of horns on your head.
You reflexively headbutt those who attack you in melee.


Message History

You block the centaur's attack.
The centaur kicks you but does no damage.
You slash the centaur!
The centaur is almost dead.
The centaur closely misses you.
The centaur kicks you but does no damage.
You slash the centaur!
You kill the centaur!
Trog accepts your kill.
You hit the ice beast. You headbutt the ice beast.
The ice beast is moderately wounded.
The ice beast hits you but does no damage.
You hit the ice beast.
The ice beast is moderately wounded.
The ice beast hits you. The ice beast freezes you!!
You feel a terrible chill!
You are too injured to fight recklessly!
You are too injured to fight recklessly!
You are too injured to fight recklessly!
You are too injured to fight recklessly!
You are too injured to fight recklessly!
You are too injured to fight recklessly!
You are too injured to fight recklessly!
You are too injured to fight recklessly!
You are too injured to fight recklessly!
You are too injured to fight recklessly!
Unknown command.
You are too injured to fight recklessly!
Your skin crawls.
You feel strong-willed.
The ice beast hits you but does no damage.
You hit the ice beast. You headbutt the ice beast!
The ice beast is severely wounded.
The ice beast hits you. The ice beast freezes you!
You feel a terrible chill!
* * * LOW HITPOINT WARNING * * *
You closely miss the ice beast.
The ice beast is severely wounded.
The ice beast hits you.
* * * LOW HITPOINT WARNING * * *
The ice beast freezes you!!
You feel a terrible chill!
You die...

..#. ... ..## ...
#..### # ....
###....###..
.......###...........
#...........).....!..
#...##.......@Y......
.............##...###
.............#....##
....(........†.....>
...........#......>..
.......<..##.........
#...................#
##.#...............#
# #......##.....>.#


You could see an ice beast.

Vanquished Creatures
  Sigmund (D:3)
  A water moccasin (D:5)
  A black bear (D:5)
  An ogre (D:3)
  A centaur (D:5)
  A scorpion (D:4)
  A hound (D:5)
  Terence (D:3)
  Natasha (twice) (D:4)
  An iguana (D:5)
  An orc wizard (D:3)
  3 gnolls (D:4)
  3 adders (D:3)
  6 worms
  3 dart slugs
  8 orcs
  6 ball pythons
  9 endoplasms
  A giant cockroach (D:3)
  6 goblins
  7 hobgoblins
  2 jackals (D:4)
  2 quokkas
  3 bats
  5 frilled lizards
  9 kobolds
  5 rats
90 creatures vanquished.

Vanquished Creatures (others)
  4 fungi (D:4)
4 creatures vanquished.

Grand Total: 94 creatures vanquished

Notes
Turn   | Place    | Note
-------+----------+-------------------------------------------
     0 | D:1      | mampy3000 the Minotaur Berserker began the quest for the
                  | Orb.
     0 | D:1      | Reached XP level 1. HP: 19/19 MP: 0/0
    97 | D:1      | Reached skill level 4 in Axes
    97 | D:1      | Reached XP level 2. HP: 24/27 MP: 1/1
   462 | D:1      | Reached ** piety under Trog
   543 | D:1      | Reached XP level 3. HP: 33/33 MP: 2/2
   586 | D:1      | Found a faded altar of an unknown god.
  1921 | D:3      | Reached skill level 5 in Axes
  1921 | D:3      | Reached XP level 4. HP: 41/41 MP: 3/3
  1941 | D:3      | Found a large runed translucent door.
  1943 | D:3      | Found a large runed translucent door.
  2016 | D:3      | Noticed Sigmund
  2021 | D:3      | Killed Sigmund
  2022 | D:3      | Reached skill level 6 in Axes
  2022 | D:3      | Reached XP level 5. HP: 47/47 MP: 4/4
  2022 | D:3      | Reached XP level 6. HP: 55/55 MP: 5/5
  2078 | D:3      | You fall into a shaft and drop 1 floor!
  2178 | D:4      | Found a sacrificial altar of Ru.
  2466 | D:3      | Found a blossoming altar of Fedhas.
  2629 | D:3      | Reached skill level 7 in Axes
  2824 | D:3      | Noticed Terence
  2830 | D:3      | Killed Terence
  2831 | D:3      | Reached skill level 5 in Fighting
  2894 | D:3      | Found a broken altar of Ashenzari.
  2932 | D:3      | Found a burning altar of Makhleb.
  3354 | D:4      | Reached XP level 7. HP: 57/61 MP: 6/6
  3721 | D:4      | Found a hide-covered altar of Uskayaw.
  3774 | D:4      | Noticed Natasha
  3784 | D:4      | Killed Natasha
  3840 | D:4      | Noticed Natasha
  3851 | D:4      | Killed Natasha
  3885 | D:5      | Entered Level 5 of the Dungeon
  3885 | D:5      | Found Ulerghust's Antique Armour Boutique.
  3894 | D:5      | Reached skill level 8 in Axes
  3894 | D:5      | Reached skill level 5 in Armour
  3894 | D:5      | Reached skill level 1 in Shields
  3995 | D:5      | Mangled by an ice beast

Illustrated notes

Levels and vault maps discovered:
D:1:      eino_arrival_water_cross, layout_basic,
          shapermc_ecumenical_altar_mp_highgroup, minmay_bisected
D:2:      layout_loops_ring, nicolae_wormholes
D:3:      layout_basic, jmf_multi_god_temple2, lemuel_round_altar,
          grunt_ministairs_14, serial_park_tiny_2, kennysheep_minor_cross,
          uniq_sigmund, uniq_terence
D:4:      layout_gridville, mainiacjoe_overflow_boulevard,
          nicolae_uskayaw_suspiria, serial_glass, glass_columns_b,
          glass_columns_a, minmay_strange_pillars, feat_on_display, uniq_natasha
D:5:      layout_cave_pools, lemuel_doored_altar, serial_shops, shop,
          hangedman_decor_riveting

Skill      XL: |  1  2  3  4  5  6  7 |
---------------+----------------------+-----
Axes           | 4 5 6 7 8 |  8.5
Fighting       | 4 5 |  5.3
Armour         | 3 4 5 |  5.6
Dodging        | 3 |  3.1
Shields        | 1 |  1.4
Stealth        | |  0.7

Action                   |  1- 3 |  4- 6 |  7- 9 || total
-------------------------+-------+-------+-------++-------
Melee: Hand axe          |    87 |    76 |    36 ||   199
       Headbutt          |    14 |    20 |     6 ||    40
       Punch             |     1 |       |     1 ||     2
Invok: Berserk           |     1 |     2 |       ||     3
       Trog's Hand       |       |     1 |     1 ||     2
  Use: Scroll            |       |     4 |     6 ||    10
Armor: Ring mail         |     2 |       |       ||     2
       Chain mail        |    35 |    28 |    18 ||    81
Dodge: Dodged            |    30 |    19 |    17 ||    66
       Repelled          |       |     1 |       ||     1
Block: Other             |       |    10 |     6 ||    16
